 Dungeon Crawl Stone Soup version 0.29.1-2-gbd0b4ee654 (webtiles) character file.

Game seed: 14255101118029093085

784 GorkyZ the Trooper (level 7, 0/43 HPs)
             Began as a Gargoyle Gladiator on Nov 23, 2022.
             Was an Initiate of Okawaru.
             Slain by kwasso's ghost (1 damage)
             ... on level 5 of the Dungeon.
             The game lasted 00:11:43 (4846 turns).

GorkyZ the Trooper (Gargoyle Gladiator)             Turns: 4846, Time: 00:11:44

Health: 0/43       AC: 15    Str: 19    XL:     7   Next: 86%
Magic:  9/9        EV: 10    Int: 12    God:    Okawaru [......]
Gold:   178        SH:  0    Dex: 10    Spells: 6/6 levels left

rFire   . . .      SeeInvis .   a - +0 war axe (drain)
rCold   . . .      Faith    .   (no shield)
rNeg    + . .      Spirit   .   q - +0 scale mail
rPois   ∞          Reflect  .   j - +2 helmet
rElec   +          Harm     .   z - scarf {repulsion}
rCorr   .          Rampage  .   (no gloves)
Will    +....      Clarity  +   i - +0 pair of boots
Stlth   ..........              (no amulet)
HPRegen 0.14/turn               (no ring)
MPRegen 0.11/turn               (no ring)

@: repel missiles, very slow
A: sickness immunity, AC +4, negative energy resistance 1, electricity
resistance, torment resistance 1, petrification resistance, clarity, clever 1,
strong-willed 1, MP-powered wands
a: Renounce Religion


You were on level 5 of the Dungeon.
You worshipped Okawaru.
Okawaru was noncommittal.
You visited 2 branches of the dungeon, and saw 6 of its levels.

You collected 178 gold pieces.

Inventory:

Hand Weapons
 a - a +0 war axe of draining (weapon)
Missiles
 d - 3 throwing nets (quivered)
 e - 7 javelins
 k - 6 poisoned darts
Armour
 b - a +0 leather armour
 c - a +0 helmet
 i - a +0 pair of boots (worn)
 j - a +2 helmet (worn)
 q - a +0 scale mail (worn)
 z - a scarf of repulsion (worn)
Jewellery
 h - a ring of fire
 t - a ring of see invisible
Wands
 w - a wand of charming (11)
 y - a wand of flame (12)
Scrolls
 g - 2 scrolls of fog
 o - 2 scrolls of amnesia
 v - a scroll of fear {unknown}
Potions
 f - a potion of degeneration {unknown}
 l - a potion of lignification
 m - 2 potions of curing
 n - a potion of brilliance
 p - a potion of magic
 r - a potion of heal wounds
 s - a potion of invisibility {unknown}
 u - a potion of cancellation {unknown}
 x - a potion of flight {unknown}


   Skills:
 + Level 4.2 Fighting
 + Level 3.9 Axes
 + Level 3.3 Throwing
 + Level 2.9 Armour
 + Level 3.6 Dodging
 - Level 2.9 Shields
 + Level 3.2 Invocations
 + Level 0.7 Evocations


You had 6 spell levels left.
You didn't know any spells.
Your spell library contained the following spells:

 Spells                   Type           Power      Damage    Failure   Level
 Scorch                   Fire           0%         2d5       83%         2
 Flame Wave               Conj/Fire      0%         2d4       100%        4
 Conjure Ball Lightning   Conj/Air       0%         3x3d6     100%        6
 Discord                  Hex            0%         N/A       100%        8
 Disjunction              Tloc           0%         N/A       100%        8
 Summon Cactus Giant      Summ           Unusable   N/A       N/A         6

Dungeon Overview and Level Annotations

Branches:
Dungeon (5/15)             Temple (1/1) D:5

Altars:
Ashenzari
Makhleb
Okawaru
Ru
Vehumet
Xom
Yredelemnul

Annotations:
D:5 1 runed translucent door, kwasso's ghost, amateur DsHu


Innate Abilities, Weirdness & Mutations

You are immune to sickness and miasma.
Your stone body is resilient. (AC +4)
You are immune to poison.
You resist negative energy. (rN+)
You are resistant to electric shocks. (rElec)
You are resistant to unholy torment.
You are immune to petrification.
You possess an exceptional clarity of mind.
Your mind is acute. (Int +4, Str/Dex -1)
You are strong-willed. (Will+)
You expend magic power (3 MP) to strengthen your wands.


Message History

The adder is severely wounded.
The adder bites you but does no damage. x2
You completely miss the adder.
The adder is severely wounded.
The adder bites you but does no damage. The adder closely misses you.
You hit the adder.
You kill the adder!
Okawaru accepts your kill.
You slash the river rat! You drain the river rat.
You kill the river rat!
Okawaru accepts your kill.
You hit the rat. You drain the rat.
You kill the rat!
Okawaru accepts your kill.
There is an open translucent door, spattered with blood here.
You enter the shallow water.
Moving in this stuff is going to be slow.
You hit kwasso's ghost.
Kwasso's ghost is lightly damaged.
Kwasso's ghost completely misses you.
You barely miss kwasso's ghost.
Kwasso's ghost is lightly damaged.
Kwasso's ghost hits you but does no damage.
Kwasso's ghost closely misses you.
You hit kwasso's ghost but do no damage.
Kwasso's ghost is lightly damaged.
Kwasso's ghost hits you but does no damage.
Your unstable footing causes you to fumble your attack.
Kwasso's ghost hits you!
You hit kwasso's ghost but do no damage.
Kwasso's ghost is lightly damaged.
Kwasso's ghost hits you! Kwasso's ghost hits you.
* * * LOW HITPOINT WARNING * * *
x2 You are too injured to fight recklessly!
You are too injured to fight recklessly!
Unknown command.
Your unstable footing causes you to fumble your attack.
Kwasso's ghost hits you!
* * * LOW HITPOINT WARNING * * *
You die...

###########......# #.
#......# #. #......#
#. ##......# ##
####..###### #.
#....## #.
#.##################+
#..#~~~~~~~~S#.......
#..'@W~~!~~~r+.......
##.#~~~~~~~~r#.......
#############.......
####.).. #.... #....
#.... #.... #....


You could see kwasso's ghost.

Vanquished Creatures
  Edmund (D:5)
  A centaur (D:5)
  A bullfrog (D:5)
  A scorpion (D:4)
  3 hounds (D:5)
  An orc priest (D:4)
  Terence (D:3)
  4 orc wizards
  A river rat (D:5)
  10 adders
  2 worms
  2 dart slugs (D:3)
  13 orcs
  5 bats
  10 endoplasms
  8 goblins
  9 hobgoblins
  14 jackals
  3 quokkas
  12 ball pythons
  3 frilled lizards
  5 kobolds
  5 rats
115 creatures vanquished.

Notes
Turn   | Place    | Note
-------+----------+-------------------------------------------
     0 | D:1      | GorkyZ the Gargoyle Gladiator began the quest for the Orb.
     0 | D:1      | Reached XP level 1. HP: 12/12 MP: 1/1
   198 | D:1      | Found a faded altar of an unknown god.
   225 | D:1      | Reached XP level 2. HP: 17/17 MP: 2/2
  1226 | D:2      | Reached skill level 1 in Invocations
  1226 | D:2      | Reached XP level 3. HP: 18/22 MP: 3/3
  1504 | D:2      | Reached skill level 1 in Shields
  1905 | D:2      | Reached XP level 4. HP: 27/27 MP: 4/4
  2294 | D:3      | Found a broken altar of Ashenzari.
  2312 | D:3      | Reached skill level 1 in Armour
  2347 | D:3      | Reached skill level 3 in Fighting
  2378 | D:3      | Reached XP level 5. HP: 6/32 MP: 6/6
  2719 | D:3      | Found a burning altar of Makhleb.
  3047 | D:3      | Noticed Terence
  3055 | D:3      | Killed Terence
  3222 | D:3      | Reached XP level 6. HP: 28/37 MP: 7/7
  3345 | D:4      | Found a shimmering altar of Xom.
  3612 | D:4      | Found a sacrificial altar of Ru.
  4033 | D:5      | Entered Level 5 of the Dungeon
  4040 | D:5      | Reached XP level 7. HP: 33/42 MP: 8/8
  4118 | D:5      | Noticed Edmund
  4140 | D:5      | Killed Edmund
  4141 | D:5      | Reached skill level 4 in Fighting
  4491 | D:5      | Found a staircase to the Ecumenical Temple.
  4522 | Temple   | Entered the Ecumenical Temple
  4526 | Temple   | Became a worshipper of Warmaster Okawaru
  4661 | D:5      | Gained mutation: Your mind is acute. (Int +4, Str/Dex -1)
                  | [potion of mutation]
  4661 | D:5      | Gained mutation: You are strong-willed. (Will+) [potion of
                  | mutation]
  4661 | D:5      | Gained mutation: You possess an exceptional clarity of
                  | mind. [potion of mutation]
  4661 | D:5      | Gained mutation: You expend magic power (3 MP) to
                  | strengthen your wands. [potion of mutation]
  4742 | D:5      | Found a runed translucent door.
  4748 | D:5      | Noticed kwasso's ghost (amateur DsHu)
  4823 | D:5      | Found a runed translucent door.
  4846 | D:5      | HP: 1/43 [kwasso's ghost (8)]
  4846 | D:5      | Slain by kwasso's ghost

Illustrated notes

Levels and vault maps discovered:
D:1:      kilobyte_arrival_exit_the_forest, layout_loops_cross,
          hellmonk_ecumenical_altar_blasted, kennysheep_boxes
D:2:      layout_basic, minmay_tetromino_o4
D:3:      layout_rooms, lemuel_doored_altar, nicolae_ashenzari_skybound,
          minmay_checkerbox, uniq_terence
D:4:      layout_loops_cross, xom_teletrap_fun, mainiacjoe_overflow_paths
D:5:      layout_basic, minmay_temple_entry_mini_moons, ebering_ghost_sewer_f,
          hex_tiny, uniq_edmund
Temple:   kb_temple_of_zot

Skill      XL: |  1  2  3  4  5  6  7 |
---------------+----------------------+-----
Invocations    | 1 2 3 |  3.2
Throwing       | 2 3 |  3.3
Shields        | 1 2 |  2.9
Axes           | 3 |  3.9
Armour         | 1 2 |  2.9
Fighting       | 3 4 |  4.2
Dodging        | 3 |  3.6
Evocations     | |  0.7

Action                   |  1- 3 |  4- 6 |  7- 9 || total
-------------------------+-------+-------+-------++-------
Melee: War axe           |   117 |   183 |    87 ||   387
       Punch             |       |     2 |     1 ||     3
  Use: Scroll            |       |     7 |     3 ||    10
       Potion            |       |       |     1 ||     1
 Stab: Sleeping          |     1 |       |       ||     1
Armor: Leather armour    |    35 |       |       ||    35
       Scale mail        |    12 |   153 |    60 ||   225
Dodge: Dodged            |    88 |   106 |    58 ||   252
